AoeStats
← Lukascimice

Arabia

508668621Analyzed
1v1 RM · 9d ago on Sep 23, 2026· 34m 34s· 2 players
Game mode
Random Map
Map size
Tiny (2 player)
Population
200
Speed
Normal
Resources
Standard
Victory
Conquest
Starting age
Dark Age
Ending age
Imperial Age
RankedLock teamsTeams togetherTeam positionsShared explorationLock speedFull tech treeHidden civsTurbo modeCheats
Victory
Defeat
🇦🇷 Maya · Argentina
784
+14
🇨🇿 Persians · Czechia
744
-14
Lukascimice
8:03 Loom
10:08 Feudal Age
12:12 Horse Collar
12:23 Double-Bit Axe
14:04 Bloodlines
19:09 Forging
29:32 Castle Age
28:18 Gold Mining
29:03 Fletching
diegolalms
0:26 Loom
10:00 Feudal Age
10:29 Double-Bit Axe
14:31 Fletching
19:54 Wheelbarrow
22:08 Castle Age
20:10 Horse Collar
23:13 Scale Mail Armor
24:01 Thumb Ring
24:42 Eagle Warrior
25:37 Squires
25:49 Forging
25:43 Crossbowman
28:15 Bow Saw
30:02 Hand Cart
34:54 Iron Casting
34:15 Bodkin Arrow
34:59 Chain Mail Armor
Connection lost

Rejoining the realm…

Still unreachable

The connection could not be restored.

Session expired

The server has moved on; the page needs a fresh start.